 Dungeon Crawl Stone Soup version 0.29.0 (webtiles) character file.

Game seed: 13519278616083168893

6010 catcat the Severer (level 10, -2/90 HPs)
             Began as a Minotaur Fighter on Aug 31, 2022.
             Was a Plaything of Xom.
             Collided with a stone wall (14 damage)
             ... caused by a wretched star
             ... while paralysed
             ... on level 2 of the Abyss.
             The game lasted 00:16:22 (6457 turns).

catcat the Severer (Minotaur Fighter)               Turns: 6457, Time: 00:16:24

Health: -2/90      AC:  8    Str: 21 (22) XL:     10   Next: 56%
Magic:  6/6        EV:  2    Int:  0 (4)  God:    Xom [..*...]
Gold:   445        SH:  0    Dex: 20      Spells: 9/9 levels left

rFire   . . .      SeeInvis .   a - +0 war axe
rCold   . . .      Faith    .   c - +1 buckler
rNeg    . . .      Spirit   .   J - +4 scale mail of Hepliaklqana, Cursing {Fly}
rPois   +          Reflect  .   (helmet restricted)
rElec   .          Harm     .   (no cloak)
rCorr   .          Rampage  .   (no gloves)
Will    .....                   (no boots)
Stlth   ..........              u - amulet of regeneration
HPRegen 1.05/turn               K - ring of poison resistance
MPRegen 0.10/turn               O - +6 ring of dexterity

@: paralysed, cleaving, flying, slowed, lost intelligence, unable to read
A: horns 2, retaliatory headbutt, agile 1, deformed body, deterioration 2,
screaming 2, weak 1, low MP 1[+2]
a: Renounce Religion


You were on level 2 of the Abyss.
You worshipped Xom.
You were a toy of Xom.
You visited 1 branch of the dungeon, and saw 9 of its levels.
You visited the Abyss 1 time.

You collected 445 gold pieces.

Inventory:

Hand Weapons
 a - a +0 war axe (weapon)
 F - a +0 morningstar
Missiles
 q - 12 boomerangs (quivered)
 H - a throwing net
Armour
 b - a +0 scale mail
 c - a +1 buckler (worn)
 e - a +0 chain mail
 J - the +4 scale mail of Hepliaklqana, Cursing (worn) {Fly}
   (You found it on level 6 of the Dungeon)

   Fly:       It grants you flight.
Jewellery
 j - a ring of ice
 u - an amulet of regeneration (around neck)
 K - a ring of poison resistance (left hand)
 N - an amulet of reflection
 O - a +6 ring of dexterity (right hand)
Wands
 D - a wand of charming (6)
 M - a wand of polymorph (10)
Scrolls
 h - a scroll of enchant armour
 k - 2 scrolls of vulnerability {unknown}
 l - 2 scrolls of fear {unknown}
 n - 2 scrolls of amnesia {unknown}
 p - 2 scrolls of teleportation
 s - a scroll of enchant weapon {unknown}
 w - 3 scrolls of noise
 x - 3 scrolls of magic mapping {unknown}
 y - 2 scrolls of blinking
 E - a scroll of fog {unknown}
 G - a scroll of brand weapon {unknown}
 I - 3 scrolls of silence
 L - a scroll of poison {unknown}
 P - a scroll of summoning {unknown}
Potions
 d - a potion of might
 f - 2 potions of cancellation
 g - 2 potions of lignification
 i - 4 potions of brilliance {unknown}
 m - 3 potions of heal wounds
 o - 3 potions of flight
 r - a potion of degeneration {unknown}
 t - 4 potions of curing
 v - 2 potions of haste {unknown}
 z - 2 potions of berserk rage {unknown}
 A - a potion of mutation {unknown}
 B - a potion of resistance {unknown}
 C - 3 potions of attraction {unknown}
 Q - a potion of ambrosia {unknown}


   Skills:
 * Level 8.7 Fighting
 - Level 16.0 Axes
 + Level 5.5 Armour
 - Level 4.0 Dodging
 - Level 4.0 Shields


You had 9 spell levels left.
You didn't know any spells.
Your spell library contained the following spells:

 Spells                   Type           Power      Damage    Failure   Level
 Freeze                   Ice            0%         1d3       94%         1
 Sandblast                Erth           0%         2d4       94%         1
 Shock                    Conj/Air       0%         1d3       94%         1
 Summon Small Mammal      Summ           0%         N/A       94%         1
 Passwall                 Tmut/Erth      0%         N/A       98%         2
 Static Discharge         Conj/Air       0%         3-3/arc   98%         2
 Call Canine Familiar     Summ           0%         N/A       100%        3
 Frozen Ramparts          Ice            0%         1d1       100%        3
 Ignite Poison            Fire/Tmut/Pois 0%         N/A       100%        3
 Mephitic Cloud           Conj/Pois/Air  0%         N/A       100%        3
 Portal Projectile        Hex/Tloc       0%         N/A       100%        3
 Stone Arrow              Conj/Erth      0%         3d7       100%        3
 Summon Guardian Golem    Hex/Summ       0%         N/A       100%        3
 Swiftness                Air            0%         N/A       100%        3
 Airstrike                Air            0%         2d(0-16)  100%        4
 Dispel Undead            Necr           0%         3d6       100%        4
 Hailstorm                Conj/Ice       0%         3d3       100%        4
 Leda's Liquefaction      Hex/Erth       0%         N/A       100%        4
 Sticky Flame             Conj/Fire      0%         2d3       100%        4
 Freezing Cloud           Conj/Ice/Air   0%         6-21      100%        5
 Borgnjor's Revivificati  Necr           0%         N/A       100%        8
 Necromutation            Tmut/Necr      0%         N/A       100%        8
 Death's Door             Necr           0%         N/A       100%        9


Dungeon Overview and Level Annotations

Branches:
Dungeon (9/15)             Temple (0/1) D:5
   Lair: D:8-11         Orc: D:9-12

Altars:
Ashenzari
Dithmenos
Elyvilon
Gozag
Hepliaklqana
Kikubaaqudgha
Qazlal
Ru
Trog
Vehumet
Xom
Yredelemnul
Zin


Innate Abilities, Weirdness & Mutations

You have a pair of horns on your head.
You reflexively headbutt those who attack you in melee.
You are agile. (Dex +4, Str/Int -1)
Armour fits poorly on your strangely shaped body.
Your body often deteriorates upon taking damage.
You frequently scream uncontrollably at your foes.
You are weak. (Str -2)
[Your magical capacity is extremely low. (-30% MP)]


Message History

You slash the small abomination!
The small abomination is moderately damaged.
The small abomination hits you!
You hit the small abomination but do no damage.
You headbutt the small abomination.
The small abomination is moderately damaged.
You block the small abomination's attack.
You slash the small abomination!
You destroy the small abomination!
You slash the small abomination! The small abomination hits you.
You slice the small abomination!!
You destroy the small abomination!
You feel your strength returning.
A wretched star comes into view.
You scream at the wretched star!
The wretched star pulses with an eldritch light!
You feel less energetic. x2
A large abomination comes into view. "Go forth and cause havoc, mortal!"
Your +0 war axe looks sharp (like it always does).
You are now a toy of Xom.
The wretched star glows turbulently.
The lance of force misses you.
The wretched star glows turbulently.
The lance of force hits you!
You are knocked back by the lance of force.
You slam into the stone wall!
You hit the wretched star. Your headbutt misses the wretched star.
The wretched star is lightly damaged.
You hit the large abomination but do no damage.
The large abomination hits you!!
Your body deteriorates!
You feel dopey.
You have lost your intelligence.
The wretched star glows turbulently.
The lance of force hits you!!
* * * LOW HITPOINT WARNING * * *
Your body deteriorates!
You feel weakened.
You are knocked back by the lance of force.
You slam into the stone wall!
You die...
Xom howls with laughter!

###. # # ..# ..
#...##..... #
.# #...#.#..# .
# # .## ....#..
. .# .
##.#.##..#..#..
.. ..#....
.#..#....# #..
#....#.....#
....##.#.....#
..#@#X###.#....
#.#..#...##.#..
#..#*...# .#
##....##.....
#..X## #. #
##.#..# #..#..#
##.###X. ....
#.#


You could see a wretched star.

Vanquished Creatures
  A wizard (D:9)
  A worldbinder (Abyss:2)
  2 gargoyles
  2 trolls (D:8)
  2 hornets (D:8)
  2 wyverns
  A wraith (D:8)
  A large abomination (Abyss:2)
  3 yaks (D:9)
  A steam dragon (D:8)
  A human (shapeshifter) (D:8)
  2 water moccasins
  2 black bears
  3 ice beasts
  3 small abominations
  2 ogres
  A centaur (D:6)
  5 bullfrogs
  2 scorpions
  3 killer bees (D:5)
  2 howler monkeys
  A hound (D:5)
  A gnoll bouda (D:5)
  A jelly (D:8)
  An orc priest (D:4)
  3 iguanas
  4 orc wizards
  Robin (D:3)
  8 gnolls (D:5)
  10 adders
  2 white imps
  A dart slug (D:3)
  2 worms
  30 orcs
  14 ball pythons
  8 endoplasms
  4 giant cockroaches
  16 goblins
  11 hobgoblins
  5 jackals
  5 bats
  4 frilled lizards (D:1)
  10 kobolds
  5 rats
189 creatures vanquished.

Vanquished Creatures (collateral kills)
  An ancient zyme (Abyss:2)
  A water moccasin (D:6)
  An ice beast (D:6)
3 creatures vanquished.

Grand Total: 192 creatures vanquished

Notes
Turn   | Place    | Note
-------+----------+-------------------------------------------
     0 | D:1      | catcat the Minotaur Fighter began the quest for the Orb.
     0 | D:1      | Reached XP level 1. HP: 19/19 MP: 0/0
   209 | D:1      | Reached skill level 3 in Axes
   213 | D:1      | Reached XP level 2. HP: 26/27 MP: 1/1
   497 | D:1      | Found a faded altar of an unknown god.
   509 | D:1      | Prayed at the altar of an unknown god.
   509 | D:1      | Became a worshipper of Xom the Fickle
   738 | D:1      | Reached XP level 3. HP: 33/33 MP: 2/2
   943 | D:2      | Reached skill level 4 in Axes
  1358 | D:2      | XOM: 3-stop teleportation journey
  1402 | D:2      | Found a white marble altar of Elyvilon.
  1639 | D:3      | XOM: cloud trail
  1726 | D:3      | XOM: 2-stop teleportation journey
  1731 | D:3      | Reached XP level 4. HP: 40/40 MP: 3/3
  1766 | D:3      | Found a radiant altar of Vehumet.
  1805 | D:3      | Found a sacrificial altar of Ru.
  2060 | D:3      | Noticed Robin
  2063 | D:3      | Reached skill level 5 in Axes
  2065 | D:3      | Reached skill level 1 in Dodging
  2070 | D:3      | Killed Robin
  2232 | D:3      | Found a hazy altar of Hepliaklqana.
  2286 | D:4      | Reached XP level 5. HP: 45/46 MP: 4/4
  2329 | D:4      | Reached skill level 6 in Axes
  2389 | D:4      | Identified the +2 leather armour of the Hart {-Tele rF++
                  | Str+3}
  2433 | D:4      | Found an ancient bone altar of Kikubaaqudgha.
  2531 | D:4      | Reached XP level 6. HP: 50/52 MP: 5/5
  2532 | D:4      | XOM: silly message
  2579 | D:4      | Reached skill level 7 in Axes
  2661 | D:4      | Found a bloodstained altar of Trog.
  2674 | D:4      | XOM: silly message
  2708 | D:4      | Found a large runed translucent door.
  2712 | D:4      | Found a large runed translucent door.
  2728 | D:4      | Found a basalt altar of Yredelemnul.
  2806 | D:4      | XOM: silly message
  2877 | D:4      | Found an opulent altar of Gozag.
  2901 | D:5      | Entered Level 5 of the Dungeon
  2930 | D:5      | Found a staircase to the Ecumenical Temple.
  3003 | D:5      | Reached skill level 8 in Axes
  3018 | D:5      | Reached XP level 7. HP: 45/60 MP: 6/6
  3322 | D:5      | Reached skill level 5 in Fighting
  3346 | D:5      | XOM: give mutations
  3346 | D:5      | Gained mutation: Your body sometimes deteriorates upon
                  | taking damage. [Xom's mischief]
  3346 | D:5      | Gained mutation: You are weak. (Str -2) [Xom's mischief]
  3416 | D:5      | Found a shadowy altar of Dithmenos.
  3434 | D:5      | Reached skill level 9 in Axes
  3788 | D:6      | XOM: swap monsters
  3792 | D:6      | Reached XP level 8. HP: 20/70 MP: 7/7
  3906 | D:6      | XOM: enchant monster (bad)
  3915 | D:6      | Reached skill level 10 in Axes
  4000 | D:6      | Found a broken altar of Ashenzari.
  4053 | D:6      | XOM: summons friendly white imp
  4063 | D:6      | Identified the +4 scale mail of Hepliaklqana, Cursing {Fly}
  4102 | D:6      | XOM: give mutations
  4102 | D:6      | Gained mutation: You occasionally shout uncontrollably at
                  | your foes. [Xom's mischief]
  4102 | D:6      | Gained mutation: Your body often deteriorates upon taking
                  | damage. [Xom's mischief]
  4117 | D:6      | XOM: polymorph white imp -> quasit
  4125 | D:6      | Reached skill level 11 in Axes
  4201 | D:6      | XOM: polymorph quasit -> lemure
  4220 | D:6      | XOM: scenery: summon butterflies
  4376 | D:7      | XOM: scenery: 1 doors open
  4386 | D:7      | XOM: cleaving
  4390 | D:7      | Reached skill level 12 in Axes
  4404 | D:7      | XOM: god gift: book of Touch
  4455 | D:7      | XOM: cast spell 'Leda's Liquefaction'
  4463 | D:7      | Reached XP level 9. HP: 65/75 MP: 8/8
  4502 | D:7      | XOM: 1-stop teleportation journey
  4549 | D:7      | You are sucked into a shaft and drop 1 floor!
  4748 | D:8      | Noticed a troll
  4755 | D:8      | Killed a troll
  4797 | D:8      | XOM: fake destruction
  4799 | D:8      | Reached skill level 13 in Axes
  4799 | D:8      | Reached skill level 5 in Armour
  4942 | D:8      | Noticed a gargoyle
  4956 | D:8      | Killed a gargoyle
  5045 | D:8      | Noticed a troll
  5067 | D:8      | XOM: destruction
  5072 | D:8      | Killed a troll
  5091 | D:8      | Reached skill level 14 in Axes
  5343 | D:8      | Noticed a kobold demonologist
  5344 | D:8      | a kobold demonologist changed into a shapeshifter
  5344 | D:8      | XOM: polymorph kobold demonologist -> shapeshifter
  5346 | D:8      | XOM: divination: magic mapping
  5494 | D:8      | XOM: cloud trail
  5769 | D:7      | XOM: give mutations
  5769 | D:7      | Gained mutation: You are agile. (Dex +4, Str/Int -1) [Xom's
                  | mischief]
  5769 | D:7      | Gained mutation: [Your magical capacity is low. (-10% MP)]
                  | [Xom's mischief]
  5769 | D:7      | Gained mutation: Armour fits poorly on your strangely
                  | shaped body. [Xom's mischief]
  5769 | D:7      | Gained mutation: You frequently scream uncontrollably at
                  | your foes. [Xom's mischief]
  6023 | D:9      | Found a glowing silver altar of Zin.
  6030 | D:9      | Noticed a gargoyle
  6031 | D:9      | Found a stormy altar of Qazlal.
  6034 | D:9      | Killed a gargoyle
  6035 | D:9      | Reached XP level 10. HP: 88/88 MP: 8/8
  6066 | D:9      | XOM: divination: magic mapping
  6114 | D:9      | Reached skill level 15 in Axes
  6145 | D:9      | Noticed a wizard
  6167 | D:9      | Killed a wizard
  6231 | D:9      | XOM: potion effect (brilliance)
  6278 | D:9      | Noticed a wizard
  6286 | Abyss:2  | Cast into level 2 of the Abyss (a wizard)
  6319 | Abyss:2  | Noticed a worldbinder
  6321 | Abyss:2  | Noticed an orb spider
  6321 | Abyss:2  | Noticed a wolf spider
  6324 | Abyss:2  | Noticed a wolf spider
  6324 | Abyss:2  | XOM: noise
  6324 | Abyss:2  | Noticed a wolf spider
  6329 | Abyss:2  | Killed a worldbinder
  6356 | Abyss:2  | Reached skill level 16 in Axes
  6365 | Abyss:2  | XOM: summons 10 friendly demons
  6404 | Abyss:2  | Noticed a glowing orange brain
  6451 | Abyss:2  | Noticed a wretched star
  6453 | Abyss:2  | XOM: cleaving
  6456 | Abyss:2  | Lost intelligence.
  6457 | Abyss:2  | Collided with a stone wall

Illustrated notes

Levels and vault maps discovered:
D:1:      beargit_arrival_diablo_church, layout_loops_corners,
          hellmonk_ecumenical_altar_zigzags
D:2:      layout_basic, basic_altar, nrook_uturn
D:3:      kennysheep_goblin_castle, layout_rooms, marbit_many_paths,
          mainiacjoe_overflow_24_doors,
          mainiacjoe_overflow_concentric_impassable, skrybe_limestone_x
D:4:      layout_basic, jmf_multi_god_temple2, kiku_gazebo_garden_becter,
          lightli_temple_of_fire
D:5:      layout_cave_pods, kennysheep_little_box, temple_pool_b
D:6:      layout_basic, lemuel_tele_altar
D:7:      layout_basic, minmay_hedge_maze
D:8:      layout_basic, kb_rosetta
D:9:      cheibrodos_wizards_tower, layout_cave_pods, mainiacjoe_overflow_paths,
          mainiacjoe_overflow_cross_hatched, amcnicky_altar_gilded, laboratory,
          uniq_joseph, uniq_maggie
Abyss:2:  base: D:1, grunt_abyss_exit_deep_breaths

Skill      XL: |  1  2  3  4  5  6  7  8  9 10 |
---------------+-------------------------------+-----
Axes           | 3 4 5 6 8 9 12 14 16 | 16.0
Fighting       | 4 6 8 |  8.7
Shields        | 4 |  4.0
Dodging        | 1 2 3 4 |  4.0
Armour         | 4 5 |  5.5

Action                   |  1- 3 |  4- 6 |  7- 9 | 10-12 || total
-------------------------+-------+-------+-------+-------++-------
Melee: War axe           |    92 |   106 |   222 |    74 ||   494
       Headbutt          |    12 |    17 |    45 |    18 ||    92
Throw: Boomerang         |       |       |     5 |       ||     5
  Use: Scroll            |     3 |     2 |     5 |     1 ||    11
       Potion            |       |       |     4 |       ||     4
 Stab: Distracted        |       |       |     1 |       ||     1
Armor: Chain mail        |    59 |    71 |    66 |       ||   196
       Scale mail        |     2 |       |    35 |     8 ||    45
Dodge: Dodged            |    38 |    41 |   105 |    17 ||   201
Block: Buckler           |    24 |    23 |    62 |    14 ||   123
